 Dungeon Crawl Stone Soup version 0.20-a0-651-g496bc70 (webtiles) character file.

111 AlphabetPasta the Bolt Thrower (level 4, -3/34 HPs)
             Began as a Barachian Hunter on Feb 16, 2017.
             Slain by a gnoll
             ... wielding a +2 halberd of freezing
              (11 damage)
             ... on level 3 of the Dungeon.
             The game lasted 00:10:03 (2540 turns).

AlphabetPasta the Bolt Thrower (Barachian Hunter)   Turns: 2540, Time: 00:10:04

Health: -3/34      AC:  8    Str:  8 (11) XL:     4   Next: 92%
Magic:  4/4        EV:  3    Int:  6 (9)  God:
Gold:   81         SH:  0    Dex:  8 (11) Spells: 3/3 levels left

rFire    . . .     SeeInvis .   a - +2 hand axe (drain)
rCold    + . .     Gourm    .   q - +0 chain mail
rNeg     . . .     Faith    .   (no shield)
rPois    .         Spirit   .   (no helmet)
rElec    .         Reflect  .   (no cloak)
rCorr    .         Harm     .   (no gloves)
MR       .....                  (no boots)
Stlth    ..........             (no amulet)
Regen    0.2/turn               (no ring)
MPRegen  0.1/turn               h - ring of protection from cold

@: very slightly contaminated, heavily drained, invisible, slow
A: swims, slowness 1, strong legs 1
a: Hop


You were on level 3 of the Dungeon.
You were not hungry.

You visited 1 branch of the dungeon, and saw 3 of its levels.

You collected 81 gold pieces.

Inventory:

Hand Weapons
 a - a +2 hand axe of draining (weapon)
 b - a +1 hand crossbow
 o - a +0 short sword
Missiles
 d - 12 bolts
Armour
 c - a +0 leather armour
 q - a +0 chain mail (worn)
Jewellery
 h - a ring of protection from cold (left hand)
Wands
 s - a wand of random effects (4/48)
Scrolls
 e - 3 scrolls of blinking
 l - a scroll of magic mapping
 m - a scroll of remove curse
Potions
 g - 2 potions of brilliance
Comestibles
 f - 2 bread rations
 j - 2 royal jellies
 n - 3 fruits
 r - a meat ration


   Skills:
 + Level 2.9(1.1) Fighting
 * Level 4.5(2.5) Crossbows
 + Level 1.5(0.0) Armour
 + Level 3.0(1.1) Dodging
 - Level 1.0(0.0) Stealth


You had 3 spell levels left.
You didn't know any spells.

Dungeon Overview and Level Annotations

Branches:
Dungeon (3/15)

Altars:


Innate Abilities, Weirdness & Mutations

You can swim through water.
You cover ground slowly.
You can hop short distances.


Message History

The gnoll hits you from afar with a halberd of freezing!
The gnoll freezes you. The gnoll hits you but does no damage.
You completely miss the gnoll.
The gnoll shouts!
The gnoll hits you with a halberd of freezing.
You closely miss the gnoll.
The gnoll hits you with a halberd of freezing!
* * * LOW HITPOINT WARNING * * *
The gnoll freezes you.
* * * LOW HITPOINT WARNING * * *
It was a potion of invisibility.
You fade into invisibility!
The gnoll closely misses you. x2
You are very lightly contaminated with residual magic.
It was a potion of degeneration.
There was something very wrong with that liquid.
You feel weakened.
You feel dopey.
You feel clumsy.
The gnoll hits you with a halberd of freezing!
You die...

########## #........#
#.######.# #.# #.# ##### #
#.# ####.#####...# .#
#.###.....>......#
###.######.#.#.##.#####...#
#.............g##.# ##.##
.###.#.######...@g...# #.#
..<....# ##...##### #.#
####.### ##.## #.# #.# #.#
#####[# ###.# #.#
#...<)#### #...# #+#
#........# #.### ...
#..g..##.# #.#### ....
#.....##.# #.##.## >..g.
#.....##.##


You could see 2 gnolls.

Vanquished Creatures
  Ijyb (D:3)
  An ooze (D:1)
  3 worms
  3 dart slugs (D:1)
  2 leopard geckos (D:3)
  7 orcs (D:3)
  A giant cockroach (D:1)
  8 goblins
  6 hobgoblins
  A quokka (D:3)
  A ball python (D:1)
  7 bats
  3 frilled lizards (D:3)
  3 kobolds
  9 rats
56 creatures vanquished.

Notes
Turn   | Place    | Note
-------+----------+-------------------------------------------
     0 | D:1      | AlphabetPasta the Barachian Hunter began the quest for the Orb.
     0 | D:1      | Reached XP level 1. HP: 16/16 MP: 1/1
   191 | D:1      | Reached XP level 2. HP: 22/22 MP: 2/2
   518 | D:1      | Reached skill level 4 in Crossbows
   518 | D:1      | Reached XP level 3. HP: 17/28 MP: 3/3
   769 | D:1      | Reached skill level 1 in Armour
  1904 | D:3      | Noticed Ijyb
  1922 | D:3      | Killed Ijyb
  1922 | D:3      | Reached XP level 4. HP: 32/34 MP: 4/4
  2540 | D:3      | Slain by a gnoll

Vault maps used:
D:1:      minmay_arrival_four_circles
D:2:      first_bread
D:3:      uniq_iyjb

Skill      XL: |  1  2  3  4 |
---------------+-------------+-----
Crossbows      | 4 |  4.5
Armour         | 1 |  1.5
Dodging        | 3 |  3.0
Fighting       | |  2.9
Stealth        | |  1.0

Action                   |  1- 3 |  4- 6 || total
-------------------------+-------+-------++-------
Melee: Short sword       |    98 |    24 ||   122
       Hand axe          |       |    81 ||    81
 Fire: Hand crossbow     |    30 |       ||    30
Evoke: Wand              |       |     4 ||     4
  Use: Scroll            |     7 |     2 ||     9
       Potion            |       |     2 ||     2
 Stab: Sleeping          |     1 |       ||     1
  Eat: Chunk             |     2 |     2 ||     4
       Royal jelly       |     1 |       ||     1
Armor: Leather armour    |    34 |       ||    34
       Chain mail        |       |    73 ||    73
Dodge: Dodged            |    67 |    27 ||    94
